AoeStats
← |GaoeG| flamingo

Enclosed

504196527Analyzed
1v1 RM · 27d ago on Sep 4, 2026· 34m 48s· 2 players
Game mode
Random Map
Map size
Tiny (2 player)
Population
200
Speed
Normal
Resources
Standard
Victory
Conquest
Starting age
Dark Age
Ending age
Imperial Age
RankedLock teamsTeams togetherTeam positionsShared explorationLock speedFull tech treeHidden civsTurbo modeCheats
Victory
Defeat
🇩🇰 Magyars · Denmark
1439
+13
🇪🇸 Persians · Spain
1378
-13
Leopatra
9:38 Feudal Age
7:58 Loom
10:15 Double-Bit Axe
11:35 Horse Collar
20:52 Castle Age
19:29 Bloodlines
19:21 Gold Mining
20:07 Scale Barding Armor
21:56 Chain Barding Armor
33:54 Husbandry
|GaoeG| flamingo
5:57 Loom
8:39 Feudal Age
9:19 Double-Bit Axe
10:01 Horse Collar
13:21 Forging
19:42 Castle Age
18:28 Gold Mining
19:32 Bloodlines
19:37 Scale Barding Armor
21:51 Bow Saw
23:54 Wheelbarrow
25:39 Iron Casting
33:44 Husbandry
33:06 Light Cavalry
34:28 Town Watch
35:07 Hand Cart
Connection lost

Rejoining the realm…

Still unreachable

The connection could not be restored.

Session expired

The server has moved on; the page needs a fresh start.